 Dungeon Crawl Stone Soup version 0.26-a0-863-g3bff4b215c (webtiles) character file.

Game seed: 1466747231496827445

714 sahdkjhfkaj the Ruffian (level 7, -1/70 HPs)
             Began as a Troll Venom Mage on Nov 25, 2020.
             Was an Initiate of Trog.
             Succumbed to Duvessa's poison
             ... on level 4 of the Dungeon.
             The game lasted 00:10:28 (3032 turns).

sahdkjhfkaj the Ruffian (Troll Venom Mage)          Turns: 3032, Time: 00:10:28

Health: -1/70      AC:  8    Str: 19    XL:     7   Next: 41%
Magic:  7/7        EV:  9    Int: 11    God:    Trog [......]
Gold:   179        SH:  0    Dex: 10    Spells: 7/8 levels left

rFire    + . .     SeeInvis .     - Unarmed
rCold    . . .     Faith    .   (no shield)
rNeg     . . .     Spirit   .   a - +0 troll leather armour {Snorg}
rPois    .         Reflect  .   (helmet restricted)
rElec    .         Harm     .   (no cloak)
rCorr    .         Rampage  .   (gloves unavailable)
MR       .....                  (boots unavailable)
Stlth    +.........             (no amulet)
HPRegen  1.01/turn              k - ring of flight
MPRegen  0.10/turn              e - ring of protection from fire

@: brilliant, lethally poisoned (-1 -> -27), attractive, hasted, very quick
A: large, unfitting armour, claws 3, regeneration 1, shaggy fur 1, tough skin 3
a: Renounce Religion, Evoke Flight


You were on level 4 of the Dungeon.
You worshipped Trog.
Trog was noncommittal.
You visited 1 branch of the dungeon, and saw 4 of its levels.
You also visited: Sewer.

You collected 179 gold pieces.

Inventory:

Missiles
 d - 132 stones (quivered)
Armour
 a - a +0 troll leather armour (worn) {Snorg}
Jewellery
 e - a ring of protection from fire (right claw)
 k - a ring of flight (left claw)
 r - an uncursed amulet of the acrobat {unknown}
Wands
 i - a wand of digging (4)
Scrolls
 c - a scroll of fog {!r}
 l - a scroll of teleportation {!r}
 n - 2 scrolls of fear {!r}
 p - a scroll of enchant weapon {!r, unknown}
 q - 2 scrolls of remove curse {!r, unknown}
Potions
 b - a potion of cancellation {!q, unknown}
 f - 2 potions of mutation {!q}
 g - a potion of haste {!q}
 h - a potion of brilliance {!q}
 j - a potion of lignification {!q, unknown}
 m - a potion of attraction {!q}
 o - a potion of heal wounds {!q, unknown}
 s - a potion of curing {!q, unknown}


   Skills:
 - Level 4.0 Fighting
 - Level 1.5 Dodging
 - Level 1.0 Stealth
 + Level 6.3 Unarmed Combat
 - Level 1.2 Spellcasting
 - Level 0.6 Transmutations
 - Level 2.1 Poison Magic


You had 7 spell levels left.
You knew the following spells:

 Your Spells              Type           Power        Failure   Level
a - Sting                 Tmut/Pois      #...         22%         1

Your spell library contained the following spells:

 Spells                   Type           Power        Failure   Level
 Poisonous Vapours        Pois/Air       #.....       36%         2
 Ignite Poison            Fire/Tmut/Pois #.......     61%         3
 Mephitic Cloud           Conj/Pois/Air  #.......     63%         3
 Olgreb's Toxic Radiance  Pois           #.......     83%         4


Dungeon Overview and Level Annotations

Branches:
Dungeon (4/15)              Sewer (visited)
 Temple: D:4-7

Altars:
Nemelex Xobeh
Trog
The Shining One

Annotations:
D:4 Dowan, Duvessa


Innate Abilities, Weirdness & Mutations

You are too large for most types of armour.
You have claws for hands.
Your natural rate of healing is unusually fast.
You are covered in fur. (AC +1)
You have extremely tough skin. (AC +3)


Message History

* * * LOW HITPOINT WARNING * * *
Unknown command.
Unknown command.
Okay, then.
Really quaff
g - 2 yellow potions {!q}?
It was a potion of haste {!q}.
You feel yourself speed up.
* * * LOW HITPOINT WARNING * * *
You feel very sick. Duvessa barely misses you. Duvessa closely misses you.
Really quaff
h - 2 dark potions {!q}?
It was a potion of brilliance {!q}.
You feel clever all of a sudden.
* * * LOW HITPOINT WARNING * * *
You feel very sick.
Duvessa says, "My weaknesses are his strengths!"
Duvessa barely misses you.
Really quaff
m - 2 amethyst potions {!q}?
It was a potion of attraction {!q}.
You feel attractive to monsters.
You die...

# ._. .# ... .##..
#.. ..## #...# ##
#..## ##..#.# ..
#...###..##.#
##.#..#...##.####
##ee.#.#...##.##..
#@###.......#.##.#
#.##
##............ #^
#.....†..##.# #.
##........##.# ##
#..........).#
#..[#.#...#......
#####.##.##.###.#
#.##.##.# #..
#.##....> ...


You could see Duvessa (fast) and Dowan.

Vanquished Creatures
  Grinder (D:3)
  Purgy (Sewer)
  An ogre (D:3)
  Blork the orc (D:4)
  2 orc wizards (D:3)
  Robin (D:2)
  9 adders
  An ooze (D:1)
  A worm (D:2)
  3 dart slugs
  5 leopard geckos (D:3)
  12 orcs
  4 giant cockroaches (D:3)
  17 goblins
  12 hobgoblins
  12 jackals
  10 bats
  6 frilled lizards
  6 kobolds
  10 rats
115 creatures vanquished.

Vanquished Creatures (others)
  A fungus (D:1)
  4 plants (D:1)
5 creatures vanquished.

Grand Total: 120 creatures vanquished

Notes
Turn   | Place    | Note
-------+----------+-------------------------------------------
     0 | D:1      | sahdkjhfkaj the Troll Venom Mage began the quest for the
                  | Orb.
     0 | D:1      | Reached XP level 1. HP: 16/16 MP: 1/1
    55 | D:1      | Reached skill level 1 in Unarmed Combat
   127 | D:1      | Reached XP level 2. HP: 26/26 MP: 0/2
   128 | D:1      | Reached skill level 1 in Fighting
   341 | D:1      | Reached skill level 2 in Unarmed Combat
   457 | D:1      | Reached XP level 3. HP: 33/33 MP: 3/3
   596 | D:2      | Noticed Robin
   656 | D:2      | Killed Robin
   840 | D:2      | Reached XP level 4. HP: 40/42 MP: 4/4
  1023 | D:2      | Reached skill level 3 in Unarmed Combat
  1307 | D:2      | Found a sparkling altar of Nemelex Xobeh.
  1466 | D:3      | Reached XP level 5. HP: 49/49 MP: 5/5
  1475 | D:3      | Found a glowing drain.
  1501 | Sewer    | Entered a sewer
  1532 | Sewer    | Reached skill level 4 in Unarmed Combat
  1601 | Sewer    | Noticed Purgy
  1617 | Sewer    | Killed Purgy
  1779 | D:3      | Reached XP level 6. HP: 55/61 MP: 6/6
  2023 | D:3      | Noticed Grinder
  2027 | D:3      | Paralysed by Grinder for 2 turns
  2041 | D:3      | Paralysed by Grinder for 3 turns
  2047 | D:3      | Killed Grinder
  2048 | D:3      | Reached skill level 5 in Unarmed Combat
  2262 | D:3      | Reached XP level 7. HP: 69/70 MP: 7/7
  2675 | D:3      | Found a bloodstained altar of Trog.
  2885 | D:3      | Became a worshipper of Trog the Wrathful
  2950 | D:4      | Noticed Blork the orc
  2956 | D:4      | Killed Blork the orc
  2957 | D:4      | Reached skill level 6 in Unarmed Combat
  3013 | D:4      | Noticed Duvessa
  3014 | D:4      | Found a glowing golden altar of the Shining One.
  3014 | D:4      | Noticed Dowan
  3031 | D:4      | HP: 1/70 [poisoned by Duvessa]
  3032 | D:4      | Succumbed to Duvessa's poison

Illustrated notes

Levels and vault maps discovered:
D:1:      tarquinn_simple_flora_water_d, layout_rooms
D:2:      layout_loops_cross, overflow_temple_1_default, minmay_unequal,
          uniq_robin
D:3:      layout_basic, lemuel_round_altar, portal_sewer_entry_f,
          dk_noncrumbling_4, uniq_grinder
D:4:      layout_loops_ring, nicolae_dithmenos_through_a_glass_darkly,
          grunt_temple_overflow_open, tso_metal_star, uniq_sigmund,
          uniq_duvessa, uniq_edmund, uniq_blork_the_orc

Skill      XL: |  1  2  3  4  5  6  7 |
---------------+----------------------+-----
Unarmed Combat | 1 2 3 4 5 6 |  6.3
Fighting       | 1 2 3 4 |  4.0
Dodging        | |  1.5
Stealth        | |  1.0
Spellcasting   | |  1.2
Transmutations | |  0.6
Poison Magic   | |  2.1

Action                   |  1- 3 |  4- 6 |  7- 9 || total
-------------------------+-------+-------+-------++-------
Melee: Unarmed           |   124 |   203 |    58 ||   385
       Punch             |     1 |     9 |     1 ||    11
Throw: Stone             |    12 |       |       ||    12
  Use: Scroll            |     1 |     3 |       ||     4
       Potion            |     1 |       |     3 ||     4
 Stab: Sleeping          |     1 |     1 |       ||     2
Armor: Robe              |    50 |    66 |       ||   116
       Troll leather arm |       |    14 |    35 ||    49
Dodge: Dodged            |    67 |   100 |    24 ||   191

Table legend: (Time is in decaauts)
 A = Elapsed time spent in this place.
 B = Non-inter-level travel time spent in this place.
 C = Inter-level travel time spent in this place.
 D = Time resting spent in this place.
 E = Time spent auto-exploring this place.
 F = Levels seen in this place.
 G = Mean time per level.
                   A        B        C        D        E       F      G
               +--------+--------+--------+--------+--------+-----+--------+
         Total |   3012 |   2818 |    194 |     68 |   1963 |   5 |  602.4 |
       Dungeon |   2790 |   2596 |    194 |     12 |   1863 |   4 |  697.5 |
         Sewer |    221 |    221 |      0 |     56 |    100 |   1 |  221.0 |
               +--------+--------+--------+--------+--------+-----+--------+

Top non-repeatable levels by time:
     D:3: 1272 daAuts
     D:2: 858 daAuts
     D:1: 581 daAuts
   Sewer: 221 daAuts
     D:4: 77 daAuts
